Map: Ephemeron LE

Players

Lambo - Winner!

  • Race: Zerg Zerg
  • League: Master
  • Spawn Location: 5:00

SKillous

  • Race: Protoss Protoss
  • League: Master
  • Spawn Location: 11:00

VOD

Have the link to the VOD?

Description

Time

  • Played on: Aug. 23, 2019, 12:12 p.m.
  • Length: 8:06
Show
View Real Time Build Order
Export as new Build Order

Lambo Zerg - Winner!

Build Orders: Hatch First 

Get SALT Encoding   

  12  0:00  Drone  
  13  0:12  Overlord  
  13  0:18  Drone  
  14  0:34  Drone x2  
  16  0:48  Hatchery  
  15  0:51  Drone  
  15  0:55  Drone  
  17  1:02  Drone  
  18  1:09  Extractor  
  17  1:15  Spawning Pool  
  17  1:17  Drone  
  17  1:20  Drone  
  18  1:30  Drone  
  19  1:39  Drone  
  20  1:49  Drone  
  21  2:01  Queen  
  21  2:02  Zergling x2, Queen  
  21  2:03  Overlord  
  26  2:10  Drone x2  
  28  2:25  Drone x2  
  30  2:32  Drone x2  
  30  2:35  Hatchery  
  31  2:37  Pneumatized Carapace  
  31  2:43  Drone  
  32  2:45  Overlord  
  32  2:52  Queen  
  32  2:54  Drone  
  32  2:57  Drone  
  36  3:04  Drone  
  36  3:05  Drone  
  38  3:09  Drone  
  39  3:13  Drone x2  
  39  3:15  Drone  
  42  3:21  Overlord  
  42  3:27  Overlord  
  42  3:28  Drone  
  42  3:31  Spore Crawler, Queen  
  44  3:40  Drone x4  
  44  3:41  Drone  
  49  3:46  Queen  
  49  3:48  Spore Crawler  
  50  3:50  Drone x3  
  53  3:56  Spore Crawler  
  53  3:59  Overlord  
  53  4:00  Zergling x4  
  53  4:01  Zergling x2  
  55  4:03  Metabolic Boost  
  55  4:05  Drone  
  55  4:07  Drone  
  55  4:09  Drone  
  58  4:16  Overlord  
  58  4:17  Queen  
  58  4:20  Drone x3  
  58  4:23  Drone x2  
  64  4:30  Overlord  
  64  4:33  Drone x2  
  64  4:37  Drone  
  67  4:39  Lair  
  67  4:40  Drone x2  
  67  4:41  Roach Warren  
  67  4:42  Drone x2  
  70  4:47  Overlord  
  70  4:48  Drone x2  
  70  4:49  Drone  
  70  4:51  Extractor  
  72  4:53  Extractor  
  72  4:54  Drone  
  72  4:57  Drone  
  72  4:58  Drone  
  74  5:02  Extractor  
  74  5:04  Drone  
  74  5:05  Drone x3, Overlord  
  77  5:08  Extractor x2  
  77  5:10  Hatchery  
  74  5:17  Drone x2  
  74  5:18  Overlord  
  74  5:20  Drone x2  
  78  5:24  Drone x2  
  80  5:30  Roach x2  
  80  5:31  Roach x3  
  90  5:35  Overlord  
  90  5:36  Overlord  
  90  5:39  Overlord  
  90  5:40  Overlord  
  90  5:41  Overlord  
  90  5:42  Overlord  
  89  5:48  Overlord  
  88  5:51  Overlord  
  88  5:54  Roach x3  
  94  6:04  Glial Reconstitution  
  94  6:11  Nydus Network  
  94  6:13  Roach x4  
  94  6:14  Ravager x4, Roach x2  
  94  6:15  Ravager  
  110  6:20  Overlord  
  110  6:23  Drone x2  
  110  6:24  Zergling x4, Roach x2  
  118  6:33  Roach x2  
  118  6:34  Roach x2  
  118  6:37  Roach  
  118  6:38  Roach x3  
  134  6:40  Zergling x2  
  134  6:41  Zergling x8  
  134  6:45  Roach  
  134  6:46  Ravager x2  
  143  6:49  Roach x3  
  146  7:03  Zergling x6  
  146  7:06  Zergling x10  
  146  7:07  Zergling x2  
  146  7:08  Zergling x10  
  143  7:09  Roach  
  143  7:13  Roach x2  
  142  7:17  Roach  
  142  7:22  Roach x3  
  142  7:26  Zergling x2  
  137  7:31  Nydus Canal  
  137  7:33  Ravager x8  
  145  7:39  Roach x4  
  153  7:46  Zergling x10  
  158  7:54  Nydus Canal  
Show
View Real Time Build Order
Export as new Build Order

SKillous Protoss 

Build Orders: 1 Gate Expand, Oracle Opening, Phoenix Opening 

Get SALT Encoding   

  12  0:01  Probe  
  13  0:13  Probe  
  14  0:20  Pylon  
  14  0:25  Probe  
  15  0:34  Probe  
  15  0:38  Gateway  
  15  0:42  Probe  
  16  0:47  Assimilator  
  17  0:52  Probe  
  18  1:04  Probe  
  19  1:16  Probe  
  20  1:24  Nexus  
  20  1:35  Cybernetics Core  
  20  1:39  Probe  
  21  1:45  Assimilator  
  21  1:51  Probe  
  21  1:53  Pylon  
  22  2:01  Adept  
  22  2:03  Probe  
  23  2:15  Probe  
  26  2:18  Stargate  
  26  2:25  Warp Gate  
  26  2:27  Probe  
  27  2:31  Adept  
  27  2:33  Probe  
  27  2:35  Probe  
  29  2:41  Probe  
  29  2:44  Probe  
  33  2:51  Probe  
  33  2:55  Probe  
  33  2:56  Phoenix  
  35  3:03  Probe  
  38  3:07  Probe  
  38  3:09  Pylon  
  39  3:15  Assimilator, Oracle, Probe  
  39  3:17  Assimilator  
  39  3:19  Probe  
  44  3:27  Probe  
  44  3:31  Probe  
  46  3:34  Gateway  
  46  3:39  Probe  
  47  3:43  Probe  
  47  3:46  Oracle  
  47  3:48  Pylon  
  48  3:52  Probe  
  53  3:55  Probe  
  53  3:56  Pylon  
  53  4:04  Probe  
  53  4:05  Robotics Facility  
  53  4:07  Probe  
  55  4:14  Oracle  
  55  4:16  Probe  
  56  4:19  Probe  
  58  4:33  Gateway  
  58  4:35  Gateway x2  
  58  4:37  Gateway  
  57  4:42  Sentry x2  
  57  4:43  Immortal  
  61  4:49  Probe  
  66  5:03  Nexus  
  66  5:06  Pylon  
  66  5:08  Probe  
  66  5:09  Probe  
  66  5:11  Sentry  
  70  5:15  Pylon  
  70  5:18  Immortal  
  70  5:24  Pylon, Probe  
  75  5:30  Sentry, Probe  
  75  5:35  Sentry x2  
  82  5:36  Probe  
  82  5:42  Probe  
  84  5:48  Probe  
  84  5:49  Warp Prism  
  81  5:54  Probe  
  80  6:01  Probe  
  83  6:06  Probe  
  83  6:08  Stalker, Sentry  
  83  6:09  Stalker x2  
  83  6:11  Pylon  
  92  6:12  Pylon  
  92  6:14  Probe  
  92  6:15  Probe  
  92  6:18  Adept  
  96  6:19  Observer  
  96  6:23  Twilight Council  
  97  6:28  Forge  
  97  6:30  Probe x2  
  97  6:32  Probe  
  100  6:36  Pylon  
  100  6:42  Probe  
  100  6:43  Probe  
  100  6:45  Probe  
  103  6:53  Stalker x5  
  113  6:55  Probe  
  108  7:14  Sentry, Probe  
  111  7:19  Stalker x5  
  111  7:21  Immortal  
  86  7:30  Assimilator  
  86  7:34  Templar Archives  
  86  7:36  Assimilator  
  86  7:40  Stalker x3  
  92  7:47  Stalker  
  94  7:53  Stalker  
  94  7:54  Zealot  
  98  8:00  Gateway  
  98  8:02  Gateway  
  98  8:03  Gateway x2  
Tags
 
Add a new tag
Caveats
  • Supply blocks, unpowered buildings, or Contaminate may cause inaccurate times.
  • Supply counts are checked every 10 seconds.